 Dungeon Sprint DCSS version 0.30.1-11-g7821555f0a (webtiles) character file.

Game seed: 10747390187528720276

2821 DiggyJ the Carver (level 9, -1/92 HPs)
             Began as a Minotaur Fighter on Jan 9, 2024.
             Was an Initiate of Gozag.
             Slain by a death knight
             ... wielding a +2 halberd
              (30 damage)
             ... in the Dungeon (Sprint VII: "The Pits").
             The game lasted 00:07:38 (745 turns).

DiggyJ the Carver (Minotaur Fighter)                 Turns: 745, Time: 00:07:39

Health: -1/92      AC: 17    Str: 27    XL:     9   Next: 45%
Magic:  8/8        EV: 16    Int:  5    God:    Gozag
Gold:   8          SH:  7    Dex: 11    Spells: 8/8 levels left

rFire   . . .        x - +4 scimitar (flame)
rCold   . . .        y - +1 buckler {AC+3}
rNeg    . . .        n - +3 scale mail
rPois   .            (helmet restricted)
rElec   .            s - +0 cloak
rCorr   .            (no gloves)
SInv    .            (no boots)
Will    .....        (no amulet)
Stlth   +            q - +3 ring of evasion
HPRegen 0.35/turn    r - +3 ring of strength
MPRegen 0.11/turn

%: no teleportation
@: gold aura
A: horns 2, retaliatory headbutt
a: Renounce Religion, Potion Petition, Call Merchant, Bribe Branch


You were in the Dungeon.
You worshipped Gozag.
Gozag was noncommittal.
You visited 1 branch You collected 2826 gold pieces.
You spent 198 gold pieces at shops.
You paid 2620 gold pieces to Gozag.

Inventory:

Hand Weapons
 a - a +0 long sword
 k - a +2 falchion
 m - a +0 long sword of flaming
 w - the +2 rapier of Ecwautt {heavy, rCorr Str+3 Int+3}
   (You found it in the Dungeon)

   Str:       It affects your strength (+3).
   Int:       It affects your intelligence (+3).
   rCorr:     It protects you from acid and corrosion.
 x - a +4 scimitar of flaming (weapon)
Armour
 b - a +0 scale mail
 c - a +0 buckler
 n - a +3 scale mail (worn)
 o - a +3 chain mail
 s - a +0 cloak (worn)
 t - a +3 plate armour
 u - a +0 helmet
 v - a +0 helmet
 y - a +1 buckler of protection (worn)
Jewellery
 q - a +3 ring of evasion (left hand)
 r - a +3 ring of strength (right hand)
Wands
 p - a wand of roots (5)
Scrolls
 j - a scroll of blinking
Potions
 d - 4 potions of might
 e - 7 potions of curing
 f - 3 potions of heal wounds
 g - 2 potions of haste
 h - 4 potions of magic
 i - 3 potions of berserk rage
 l - 2 potions of invisibility


   Skills:
 + Level 12.8 Fighting
 + Level 14.8 Long Blades
 + Level 12.8 Armour
 + Level 7.3 Dodging
 + Level 2.5 Stealth
 + Level 10.5 Shields


You had 8 spell levels left.
You didn't know any spells.
Your spell library was empty.

Dungeon Overview and Level Annotations

Branches:
Dungeon (1/1)

Altars:
Ashenzari
Cheibriados
Dithmenos
Elyvilon
Fedhas
Gozag
Hepliaklqana
Kikubaaqudgha
Makhleb
Nemelex Xobeh
Okawaru
Qazlal
Ru
Sif Muna
Trog
Uskayaw
Vehumet
Wu Jian
Xom
Yredelemnul
Zin
The Shining One
Jiyva
Lugonu

Shops:
D (([


Innate Abilities, Weirdness & Mutations

You have a pair of horns on your head.
You reflexively headbutt those who attack you in melee.


Message History

You closely miss the yak. You headbutt the yak!
You kill the yak!
The death knight hits you from afar with a +2 halberd.
You barely miss the yak. You headbutt the yak.
The yak is lightly wounded.
You hit the yak but do no damage. You headbutt the yak!
The yak is moderately wounded.
The yak gores you but does no damage. The death knight closely misses you.
You hit the yak. You burn the yak. Your headbutt misses the yak.
The yak is moderately wounded.
The yak closely misses you. You block the death knight's attack.
You completely miss the yak.
The yak is moderately wounded.
You slash the yak! You burn the yak. You headbutt the yak!
You kill the yak!
The death knight hits you from afar with a +2 halberd!
* * * LOW HITPOINT WARNING * * *
Your Dodging skill increases to level 7!
You feel much better.
The death knight hits you from afar with a +2 halberd!!
* * * LOW HITPOINT WARNING * * *
The yak gores you but does no damage.
You feel much better. The yak gores you but does no damage.
You block the death knight's attack.
You closely miss the yak. You headbutt the yak!
You kill the yak!
You block the death knight's attack.
You barely miss the hound.
The hound stops to sniff the ground.
The hound bites you.
You slash the hound! You burn the hound.
You kill the hound!
The molten gargoyle is distracted by your dazzling golden aura.
The death knight hits you from afar with a +2 halberd!!
You hit the yak. You burn the yak.
The yak is lightly wounded.
The yak is distracted by your dazzling golden aura.
The death knight hits you from afar with a +2 halberd!!
You die...
Your body crumbles into a pile of gold.

....##..# <...##..####
#+# ....##..#..#####.##
....##..#....##...#
....##..'.....#...#
######.∩'.....'...+
######..'.....#...#
....##..#....##...#
....##..#..#####@##
...)##..#### #Y#
..))##..##.....p9$......
..))##..#..............#
########################


You could see a death knight, a yak (unaware) and a molten gargoyle.

Vanquished Creatures
  An efreet (D)
  A tarantella (D)
  4 dream sheep (D)
  4 yaks (D)
  2 floating eyes (D)
  An orc warrior (D)
  A small abomination (D)
  An ogre (D)
  2 wolves (D)
  A phantom (D)
  A scorpion (D)
  A quasit (D)
  A hound (D)
  An orc priest (D)
  A gnoll bouda (D)
  Ijyb (D)
  2 orc wizards (D)
  5 gnolls (D)
  A river rat (D)
  An adder (D)
  A white imp (D)
  A worm (D)
  8 orcs (D)
  2 hobgoblins (D)
  8 jackals (D)
  A quokka (D)
  2 kobolds (D)
56 creatures vanquished.

Notes
Turn   | Place    | Note
-------+----------+-------------------------------------------
     0 | D        | DiggyJ the Minotaur Fighter began the quest for the Orb.
     0 | D        | Reached XP level 1. HP: 19/19 MP: 0/0
    13 | D        | Noticed a floating eye
    19 | D        | Killed a floating eye
    20 | D        | Reached skill level 4 in Long Blades
    20 | D        | Reached XP level 2. HP: 34/34 MP: 1/1
    20 | D        | Reached XP level 3. HP: 39/39 MP: 2/2
    20 | D        | Reached XP level 4. HP: 47/47 MP: 3/3
    43 | D        | Found a bloodstained altar of Trog.
    43 | D        | Found a shimmering blue altar of Sif Muna.
    43 | D        | Found a viscous altar of Jiyva.
    43 | D        | Found a hazy altar of Hepliaklqana.
    43 | D        | Found an opulent altar of Gozag.
    44 | D        | Found a glowing golden altar of the Shining One.
    44 | D        | Found a glowing silver altar of Zin.
    44 | D        | Found a basalt altar of Yredelemnul.
    44 | D        | Found a shimmering altar of Xom.
    44 | D        | Found an ornate altar of the Wu Jian Council.
    44 | D        | Found a sacrificial altar of Ru.
    44 | D        | Found a stormy altar of Qazlal.
    44 | D        | Found an iron altar of Okawaru.
    44 | D        | Found a sparkling altar of Nemelex Xobeh.
    44 | D        | Found a burning altar of Makhleb.
    44 | D        | Found a blossoming altar of Fedhas.
    44 | D        | Found a white marble altar of Elyvilon.
    44 | D        | Found a shadowy altar of Dithmenos.
    44 | D        | Found a snail-covered altar of Cheibriados.
    46 | D        | Found a radiant altar of Vehumet.
    46 | D        | Found a corrupted altar of Lugonu.
    47 | D        | Found a hide-covered altar of Uskayaw.
    47 | D        | Found an ancient bone altar of Kikubaaqudgha.
    47 | D        | Found a broken altar of Ashenzari.
    51 | D        | Became a worshipper of Gozag Ym Sagoz the Greedy
    99 | D        | Noticed a floating eye
   105 | D        | Paralysed by a floating eye for 3 turns
   109 | D        | Killed a floating eye
   110 | D        | Reached skill level 5 in Long Blades
   110 | D        | Reached XP level 5. HP: 56/56 MP: 4/4
   116 | D        | Reached skill level 6 in Long Blades
   116 | D        | Reached XP level 6. HP: 55/63 MP: 5/5
   127 | D        | Reached skill level 1 in Dodging
   249 | D        | Noticed an orc warrior
   254 | D        | Noticed Ijyb
   271 | D        | Killed an orc warrior
   272 | D        | Reached skill level 7 in Long Blades
   272 | D        | Reached skill level 10 in Armour
   272 | D        | Reached skill level 1 in Stealth
   277 | D        | Killed Ijyb
   297 | D        | Reached skill level 8 in Long Blades
   302 | D        | Reached XP level 7. HP: 22/71 MP: 6/6
   403 | D        | Reached skill level 10 in Fighting
   403 | D        | Reached skill level 9 in Long Blades
   459 | D        | Got the +2 rapier of Ecwautt {heavy, rCorr Str+3 Int+3}
   485 | D        | Reached skill level 10 in Long Blades
   581 | D        | Noticed an efreet
   581 | D        | Noticed a dream sheep
   581 | D        | Noticed a dream sheep
   581 | D        | Noticed a dream sheep
   581 | D        | Noticed a dream sheep
   590 | D        | Killed an efreet
   591 | D        | Reached skill level 11 in Long Blades
   591 | D        | Reached XP level 8. HP: 74/82 MP: 7/7
   593 | D        | Killed a dream sheep
   594 | D        | Reached skill level 12 in Long Blades
   594 | D        | Reached skill level 5 in Dodging
   596 | D        | Killed a dream sheep
   597 | D        | Reached skill level 10 in Shields
   599 | D        | Killed a dream sheep
   600 | D        | Reached skill level 13 in Long Blades
   601 | D        | Killed a dream sheep
   602 | D        | Reached XP level 9. HP: 59/90 MP: 8/8
   658 | D        | Bought a +1 buckler of protection for 198 gold pieces
   715 | D        | Noticed a molten gargoyle
   715 | D        | Noticed a death knight
   728 | D        | Reached skill level 14 in Long Blades
   745 | D        | Slain by a death knight

Illustrated notes

Levels and vault maps discovered:
D:        pitsprint [storerooms_1, entrance_room_1, metal_vault_1, armoury_1,
          mini_pit_1, grid_room_1, main_hall_1, silver_pit, the_coven_3,
          the_vestibule_1, steel_vault_3, golden_pit, hallway_of_sentries,
          crystal_vault_6, iron_vault_5, final_vault]

Skill      XL: |  1  2  3  4  5  6  7  8  9 |
---------------+----------------------------+-----
Fighting       | 7 8 9 11 12 | 12.8
Long Blades    | 4 5 6 8 11 13 14 | 14.8
Armour         | 7 8 9 10 11 12 | 12.8
Shields        | 6 8 9 10 | 10.5
Dodging        | 2 4 6 7 |  7.3
Stealth        | 1 2 |  2.5

Action                     |  1- 3 |  4- 6 |  7- 9 || total
---------------------------+-------+-------+-------++-------
  Melee: Long sword        |     5 |    46 |    57 ||   108
         Headbutt          |     1 |    16 |    18 ||    35
         Falchion          |       |    32 |       ||    32
         Scimitar          |       |       |    27 ||    27
 Invoke: Call Merchant     |       |       |     3 ||     3
    Use: Potion            |       |     6 |     3 ||     9
   Stab: Distracted        |       |     1 |     1 ||     2
 Armour: Scale mail        |       |    55 |    33 ||    88
  Dodge: Dodged            |       |    42 |    49 ||    91
  Block: Buckler           |       |    19 |    26 ||    45
